 Dungeon Crawl Stone Soup version 0.16-a0-4008-gc88e425 (webtiles) character file.

764601 Chiseanne the Sorcerer (level 27, -18/172 HPs)
             Began as a Gargoyle Earth Elementalist on Feb 15, 2015.
             Was the Champion of Vehumet.
             Demolished by a phantasmal warrior (20 damage)
             ... summoned by a greater mummy
             ... on level 1 of the Tomb of the Ancients on Feb 16, 2015.
             The game lasted 09:37:13 (125447 turns).

Chiseanne the Sorcerer (GrEE)                     Turns: 125447, Time: 09:37:13

Health: -18/172    AC: 43    Str: 18 (22) XL:     27
Magic:  28/48      EV:  2    Int: 53      God:    Vehumet [******]
Gold:   5452       SH:  0    Dex: -3 (10) Spells: 12 memorised, 3 levels left

rFire  + . .     SeeInvis .     s - +0 broad axe of the Puffin {chop, Contam rN+ Str-2 Int+9 Stlth+} (curse)
rCold  + . .     Clarity  +     x - +1 leather armour "Weyrhi Fenne" {rElec Int+4 Dex-2 Slay+4} (curse)
rNeg   + + +     SustAb   .     T - +5 shield {AC+3} (curse)
rPois  ∞         Gourm    .     f - +2 helmet {Int+3} (curse)
rElec  +         Spirit   .     C - +2 cloak {+Inv} (curse)
rCorr  .         Warding  .     p - +2 pair of gloves (curse)
rMut   .         Rnd*Tele +     m - +1 pair of boots of the King of the Hill {Int+6 Stlth+} (curse)
MR     +++++                    o - amulet of the Four Winds {Clar rN+ MR+++} (curse)
Stlth  ..........               D - ring of the Peculiar Places {rF+ rC+ MR- Str+8 Slay+2} (curse)
                                c - ring of Stitzuy {rPois+ rN+ MR+ Str+2 Int+6 Stlth+} (curse)

@: about to teleport, flying, lost dexterity, very slow, almost entirely
resistant to hostile enchantments, extremely unstealthy
A: able to fly continuously, big wings, agile 1, berserk 1, deformed body, dopey
1, negative energy resistance 1, sense surroundings 1, electricity resistance,
teleportitis 1, unbreathing, petrification resistance, rot immunity, MP-powered
wands 1, AC +20
a: Stop Flying, Renounce Religion, Evoke Invisibility
}: 4/15 runes: barnacled, slimy, silver, gossamer


You were on level 1 of the Tomb of the Ancients.
You worshipped Vehumet.
Vehumet was exalted by your worship.
You were full.

You visited 13 branches of the dungeon, and saw 67 of its levels.
You visited the Abyss 1 time.
You visited 1 bazaar.
You also visited: Labyrinth and Ice Cave.

You collected 10284 gold pieces.
You spent 4832 gold pieces at shops.

Inventory:

Hand weapons
 s - the cursed +0 broad axe of the Puffin (weapon) {chop, Contam rN+ Str-2 Int+9 Stlth+}
   (You bought it in a shop in a bazaar)

   It inflicts extra damage upon your enemies.
   It affects your strength (-2).
   It affects your intelligence (+9).
   It protects you from negative energy.
   It causes magical contamination when unequipped.
   It makes you more stealthy.
   It has a curse placed upon it.
Armour
 f - a cursed +2 helmet of intelligence (worn)
 m - the cursed +1 pair of boots of the King of the Hill (worn) {Int+6 Stlth+}
   (You acquired it on level 12 of the Dungeon)

   It affects your intelligence (+6).
   It makes you more stealthy.
   It has a curse placed upon it.
 p - a cursed +2 pair of gloves (worn)
 x - the cursed +1 leather armour "Weyrhi Fenne" (worn) {rElec Int+4 Dex-2 Slay+4}
   (You bought it in a shop on level 9 of the Dungeon)

   It affects your intelligence (+4).
   It affects your dexterity (-2).
   It affects your accuracy and damage with ranged weapons and melee attacks
   (+4).
   It insulates you from electricity.
   It has a curse placed upon it.
 C - a cursed +2 cloak of invisibility (worn)
 T - a cursed +5 shield of protection (worn)
Jewellery
 c - the cursed ring of Stitzuy (left hand) {rPois+ rN+ MR+ Str+2 Int+6 Stlth+}
   (You bought it in a shop on level 3 of the Orcish Mines)

   [ring of poison resistance]

   It affects your strength (+2).
   It affects your intelligence (+6).
   It protects you from poison.
   It protects you from negative energy.
   It affects your resistance to hostile enchantments.
   It makes you more stealthy.
   It has a curse placed upon it.
 o - the cursed amulet of the Four Winds (around neck) {Clar rN+ MR+++}
   (You found it on level 5 of the Shoals)

   [amulet of clarity]

   It provides mental clarity.
   It protects you from negative energy.
   It affects your resistance to hostile enchantments.
   It has a curse placed upon it.
 D - the cursed ring of the Peculiar Places (right hand) {rF+ rC+ MR- Str+8 Slay+2}
   (You took it off a deep elf fighter on level 3 of the Elven Halls)

   [ring of protection from fire]

   It affects your strength (+8).
   It affects your accuracy and damage with ranged weapons and melee attacks
   (+2).
   It protects you from fire.
   It protects you from cold.
   It affects your resistance to hostile enchantments.
   It has a curse placed upon it.
 E - a cursed ring of see invisible
Magical devices
 l - a wand of invisibility (4)
 r - a wand of digging (6)
 t - a wand of teleportation (2)
Scrolls
 e - 6 scrolls of teleportation
 i - 7 scrolls of fog
 j - 17 scrolls of remove curse
 k - 13 scrolls of immolation
 q - 3 scrolls of holy word
 u - 12 scrolls of blinking
 v - 10 scrolls of magic mapping
 y - 21 scrolls of identify
 A - 8 scrolls of fear
 G - a scroll of enchant armour
 J - a scroll of recharging
Potions
 a - a potion of magic
 b - a potion of invisibility
 n - 7 potions of heal wounds
 w - 2 potions of agility
 B - 6 potions of might
 M - 4 potions of cancellation
 N - 6 potions of haste
 O - 8 potions of resistance
 P - 4 potions of berserk rage
 Q - 4 potions of restore abilities
 V - 24 potions of curing
Miscellaneous
 d - a lamp of fire
 z - a stone of tremors
 F - a lamp of fire
 H - a lamp of fire
 I - a fan of gales
 K - a stone of tremors
 R - a fan of gales
 Y - a stone of tremors
 Z - a phial of floods
Comestibles
 g - 2 bread rations
 h - 33 meat rations


   Skills:
 - Level 17.4 Fighting
 * Level 16.1 Axes
 + Level 19.7 Armour
 - Level 15.0 Dodging
 - Level 2.1 Stealth
 - Level 15.0 Shields
 - Level 23.2 Spellcasting
 - Level 20.0 Conjurations
 - Level 1.6 Transmutations
 - Level 15.8 Fire Magic
 - Level 16.7 Ice Magic
 - Level 18.0 Earth Magic


You had 3 spell levels left.
You knew the following spells:

 Your Spells              Type           Power        Failure   Level  Hunger
a - Throw Icicle          Conj/Ice       ########     0%          4    None
b - Iron Shot             Conj/Erth      ########..   0%          6    None
c - Bolt of Cold          Conj/Ice       ########..   0%          6    None
d - Bolt of Fire          Conj/Fire      ########..   1%          6    None
e - Lehudib's Crystal Sp  Conj/Erth      ########..   1%          8    None
f - Freezing Cloud        Conj/Ice/Air   ########..   1%          6    None
g - Stoneskin             Trmt/Erth      ########     0%          2    None
h - Shatter               Erth           ########..   3%          9    None
i - Glaciate              Conj/Ice       ########..   2%          9    None
j - Fire Storm            Conj/Fire      ########..   3%          9    None
k - Apportation           Tloc           ######....   1%          1    None
l - Regeneration          Chrm/Necr      ######....   1%          3    None


Dungeon Overview and Level Annotations

Branches:
Dungeon (15/15)            Temple (1/1) D:5            Lair (8/8) D:8
 Shoals (5/5) Lair:6       Spider (5/5) Lair:6        Slime (6/6) Lair:7
    Orc (4/4) D:9             Elf (3/3) Orc:3        Vaults (5/5) D:13
  Crypt (3/3) Vaults:3       Tomb (2/3) Crypt:3      Depths (5/5) D:15
    Zot (5/5) Depths:5

Altars:
Ashenzari
Cheibriados
Dithmenos
Elyvilon
Fedhas
Gozag
Kikubaaqudgha
Makhleb
Nemelex Xobeh
Okawaru
Qazlal
Ru
Sif Muna
Trog
Vehumet
Xom
Yredelemnul
Zin
The Shining One
Jiyva

Shops:
D:8 *   D:9 [   Orc:1 }   Orc:3 =}   Orc:4 ([?(   Vaults:1 !   Vaults:5 %
Depths:4 (

Portals:
Hell: Lair:8 Depths:1 Depths:2 Depths:3 Depths:4 Depths:5
Abyss: Depths:4
Pandemonium: Depths:1 Depths:3
Ziggurat: Depths:3

Annotations:
D:4 hornqvist's ghost, average GrFi
D:5 hornqvist's ghost, experienced GrFi
D:12 exclusion: downstairs, Rupert
Elf:2 3 runed doors


Innate Abilities, Weirdness & Mutations

You are resistant to torment.
You are immune to poison.
You can fly continuously.
Your stone body is very resilient (AC +20).
Your wings are large and strong.
You resist negative energy.
You are resistant to electric shocks.
You can survive without breathing.
You are immune to petrification.
You are immune to rotting.
You are agile. (Dex +2)
You tend to lose your temper in combat.
Armour fits poorly on your strangely shaped body.
You are dopey. (Int -2)
You passively map a small area around you.
Space occasionally distorts in your vicinity.
You expend magic power (3 MP) to slightly strengthen your wands.


Message History

The wight is engulfed in freezing vapours.
The jiangshi is engulfed in freezing vapours.
The phantasmal warrior hits you.
* * * LOW HITPOINT WARNING * * *
The jiangshi is engulfed in freezing vapours.
Read which item? (? for menu, Esc to quit)
As you read the scroll of teleportation, it crumbles to dust.
You feel strangely unstable.
The vampire shaped block of ice melts away.
The wight shaped block of ice melts away.
The phantasmal warrior hits you but does no damage.
The wight is engulfed in freezing vapours.
The phantasmal warrior hits you!
* * * LOW HITPOINT WARNING * * *
The jiangshi claws you but does no damage. x2
The jiangshi claws you!
* * * LOW HITPOINT WARNING * * *
The jiangshi claws you but does no damage.
The phantasmal warrior hits you!!
You die...

..#..#..#...........#..#..#....#.
..#..#..#...........#..#..#....#.
'##..#.................#..##''##.
..#..#.................#..#....#.
..#..#.................#..#....#.
..#..#.................#..#....#.
..#..#.................#..#..\.#.
################################.
...M§Z§ZZM§z...V@................
.Z.3§Z§.8.§.....W.............?..
#################################
#################################
.................................
.................................
.................................
.................................
.................................


You could see a greater mummy, a jiangshi, a phantasmal warrior, a wight and a
frost giant zombie.

Vanquished Creatures
  the royal jelly (Slime:6)
  Khufu (Crypt:3)
  6 orbs of fire
  4 ancient liches
  15 greater mummies
  Boris (Vaults:2)
  Sojobo (Vaults:5)
  Norris (Vaults:1)
  Saint Roka (Depths:1)
  5 Killer Klowns
  3 curse toes
  Mara (Depths:1)
  Mennas (Depths:3)
  15 golden dragons
  A profane servitor (Crypt:3)
  A bone dragon (Crypt:3)
  3 electric golems (Zot:5)
  Nikola (Shoals:4)
  20 tentacled monstrosities
  The ghost of Somebody the Brawler, a mighty NaMo of Cheibriados (Slime:6)
  7 liches
  A Hell Sentinel (Zot:5)
  2 deep elf blademasters (Elf:3)
  6 titans
  Asterion (Depths:1)
  17 acid blobs
  A deep elf master archer (Elf:3)
  25 Orb Guardians (Zot:5)
  A kraken (Shoals:2)
  Polyphemus (Shoals:4)
  12 sphinxes
  4 shadow dragons
  The ghost of Charly the Black Belt, a mighty DsFE of Cheibriados (Shoals:1)
  2 Executioners (Depths:3)
  2 octopode crushers (Depths:1)
  8 ancient champions
  5 fire giants
  Frances (D:15)
  12 tengu reavers
  15 azure jellies
  10 draconian monks
  13 storm dragons
  3 revenants
  Ilsuiw (Shoals:3)
  6 ghost moths
  Donald (D:12)
  Wiglaf (Vaults:1)
  13 vault wardens
  3 iron dragons
  A draconian scorcher (Zot:3)
  9 deep elf sorcerers
  Aizul (Spider:1)
  13 frost giants
  An orc warlord (Vaults:5)
  11 draconian knights
  2 curse skulls
  6 draconian zealots
  Gastronok (Lair:1)
  16 emperor scorpions
  The ghost of megamayne420 the Severer, a powerful DsBe of Trog (Spider:5)
  3 ghouls
  21 ironheart preservers
  3 draconian shifters
  2 war gargoyles
  3 spriggan defenders
  3 reapers
  7 draconian annihilators
  A caustic shrike skeleton (Depths:3)
  5 deep elf demonologists
  9 very ugly things
  5 grey draconians
  8 green draconians
  23 stone giants
  3 mottled draconians (Zot:2)
  A Killer Klown skeleton (Crypt:1)
  10 red draconians
  5 vampire knights
  9 deep elf annihilators
  9 black draconians
  9 white draconians
  7 dire elephants
  A spectral titan (Crypt:3)
  10 yellow draconians
  9 pale draconians
  14 purple draconians
  An unborn (Crypt:3)
  Snorg (Lair:7)
  2 eidola (Crypt:3)
  11 merfolk javelineers
  12 crystal guardians
  28 jiangshi
  13 death oozes
  4 minotaurs
  2 blizzard demons (IceCv)
  A green death (Crypt:3)
  17 fire dragons
  19 ettins
  11 deep elf death magi
  8 deep elf high priests
  9 mummy priests
  9 merfolk impalers
  16 yaktaur captains
  An ice dragon (shapeshifter) (Elf:3)
  2 rakshasas
  Fannar (Lair:2)
  10 ice dragons
  Harold (D:11)
  8 hydras
  9 death cobs
  36 vault guards
  A caustic shrike simulacrum (Depths:3)
  15 great orbs of eyes
  3 merfolk avatars
  A hell beast (Lair:8)
  Nessos (D:12)
  The ghost of hornqvist the Basher, a powerful GrFi of Qazlal (Lair:2)
  4 spriggan air magi
  2 alligator snapping turtles
  20 ogre magi
  18 centaur warriors
  4 satyrs
  6 merfolk aquamancers
  12 death yaks
  A tengu warrior (D:14)
  4 death knights (Crypt:3)
  5 orc high priests (Orc:4)
  13 deep troll shamans
  8 deep troll earth magi
  6 vampire magi
  A titan zombie (Vaults:5)
  Urug (D:13)
  7 soul eaters
  13 spriggan berserkers
  A spectral dire elephant (Tomb:1)
  A storm dragon zombie (Tomb:1)
  A titan skeleton (Crypt:2)
  Nergalle (D:11)
  A spriggan rider (Depths:3)
  5 catoblepae
  An iron troll (Depths:3)
  A sun demon (Tomb:1)
  A storm dragon skeleton (Tomb:2)
  33 skeletal warriors
  A death drake (Depths:5)
  3 anaconda zombies
  The ghost of Monkaria the Thaumaturge, an experienced DrIE of Makhleb (D:7)
  3 hell knights
  7 death scarabs (Tomb:1)
  25 deep elf knights
  5 unseen horrors
  Erolcha (D:13)
  9 flayed ghosts
  A shadow demon (Depths:1)
  6 ice devils
  9 shadow wraiths
  2 fire crabs (Vaults:4)
  19 ironbrand convokers
  3 tengu zombies
  3 wizards
  10 sea snakes
  23 deep trolls
  23 deep elf summoners
  A swamp dragon (shapeshifter) (Vaults:2)
  4 ice statues (IceCv)
  2 giant orange brains
  A spectral wolf spider (Crypt:3)
  2 obsidian statues
  2 golden dragon skeletons
  14 necromancers
  19 orc knights
  A wolf spider zombie (D:15)
  22 griffons
  13 hill giants
  An anubis guard (shapeshifter) (Vaults:5)
  A shadow dragon zombie (Crypt:2)
  5 lindwurms (Depths:5)
  2 mana vipers (Tomb:1)
  11 anubis guards
  49 ugly things
  43 wolf spiders
  5 hornets
  20 deep elf conjurers
  A deathcap (Zot:5)
  7 phantasmal warriors
  A sphinx skeleton (Depths:1)
  23 manticores
  2 shadow dragon skeletons
  93 slime creatures
  18 orb spiders
  A draconian zombie (Zot:1)
  5 fire giant zombies
  19 fauns
  33 harpies
  A manticore (shapeshifter) (Depths:3)
  3 oklob plants (Zot:4)
  6 orc sorcerers
  10 water nymphs
  6 shining eyes
  A spectral alligator (Tomb:1)
  2 frost giant zombies
  A spectral shock serpent (Crypt:3)
  14 cyclopes
  A salamander (shapeshifter) (Elf:3)
  A frost giant skeleton (Depths:1)
  A salamander (D:15)
  3 fire giant skeletons
  34 moths of wrath
  A stone giant skeleton (Vaults:5)
  A stone giant zombie (Vaults:5)
  9 elephants
  16 sirens
  Maurice (D:11)
  An eye of devastation (Slime:2)
  7 spiny frogs
  A hellion (Depths:3)
  2 smoke demons
  3 iron dragon skeletons
  An octopode (shapeshifter) (Depths:1)
  A rust devil (Depths:3)
  A dire elephant zombie (Depths:2)
  An eye of devastation (shapeshifter) (Vaults:2)
  6 torpor snails
  4 black mambas
  A white draconian zombie (Crypt:1)
  7 orange demons
  A storm dragon simulacrum (Depths:3)
  2 orange crystal statues
  A purple draconian zombie (Zot:1)
  A queen ant (Lair:1)
  A sea snake zombie (Crypt:1)
  15 vault sentinels
  14 komodo dragons
  6 gargoyles
  A spriggan skeleton (Depths:2)
  A dire elephant skeleton (Crypt:3)
  12 demonic crawlers
  3 burning bushes (Zot:4)
  46 yaktaurs
  A silent spectre (Crypt:1)
  25 guardian mummies
  3 wandering mushrooms
  2 tengu conjurers
  3 efreet
  13 trolls
  2 hydra zombies
  2 anaconda simulacra (IceCv)
  16 deep elf priests
  A yaktaur (shapeshifter) (Depths:4)
  5 fire drakes
  3 hellwings
  A purple draconian skeleton (Crypt:1)
  41 merfolk
  A queen bee (Lair:5)
  30 two-headed ogres
  19 freezing wraiths
  7 red devils
  Sonja (D:13)
  14 blue devils
  2 polar bears
  A harpy skeleton (D:15)
  5 ravens
  A raven (shapeshifter) (Depths:3)
  An ettin zombie (Vaults:5)
  8 wind drakes
  A bog body (Crypt:2)
  32 jumping spiders
  10 snapping turtles
  9 fire vortices
  5 ushabtiu
  2 ice dragon zombies
  7 boulder beetles
  2 wyverns
  6 blink frogs
  6 vampires
  A fire dragon zombie (Crypt:1)
  A trapdoor spider (shapeshifter) (Depths:1)
  A catoblepas skeleton (Crypt:2)
  A fire giant simulacrum (Crypt:3)
  A wolf spider simulacrum (Crypt:3)
  3 basilisks
  2 blink frogs (shapeshifter)
  An ice dragon skeleton (Tomb:1)
  31 tarantellas
  75 flying skulls
  24 water elementals
  2 ettin skeletons
  78 redbacks
  4 spriggans
  45 yaks
  10 shadows
  2 air elementals (Depths:4)
  23 trapdoor spiders
  12 wraiths
  A centaur simulacrum (D:15)
  34 deep elf magi
  A spriggan (shapeshifter) (Vaults:2)
  17 hippogriffs
  2 tarantellas (shapeshifter)
  30 vampire mosquitoes
  A yak (shapeshifter) (Depths:3)
  3 golden eyes
  A chaos spawn (Depths:3)
  4 fire elementals (Depths:2)
  3 large abominations (Zot:5)
  46 deep elf fighters
  2 elf skeletons
  2 mottled dragons
  A steam dragon (shapeshifter) (Vaults:5)
  12 humans
  3 neqoxecs
  20 soldier ants (Lair:1)
  A harpy simulacrum (Crypt:2)
  6 wargs
  4 hungry ghosts
  A hell hound (Lair:8)
  13 wolves
  11 water moccasins
  11 porcupines
  4 phantoms
  2 black bears (D:8)
  A torturous demonspawn skeleton (Crypt:1)
  45 orc warriors
  11 ice beasts
  A black bear (shapeshifter) (Vaults:5)
  A spider (shapeshifter) (Vaults:4)
  6 eyes of draining
  A fire dragon simulacrum (Depths:1)
  30 centaurs
  68 ogres
  A snapping turtle zombie (Crypt:3)
  5 swamp drakes (Depths:5)
  20 spiders
  3 human zombies
  7 necrophages
  A swamp dragon zombie (Crypt:2)
  9 wasps
  3 ettin simulacra
  An anubis guard zombie (Crypt:2)
  A tengu (shapeshifter) (Vaults:5)
  A manticore zombie (Crypt:2)
  A hydra simulacrum (IceCv)
  2 lost souls
  3 sky beasts
  An anubis guard skeleton (Crypt:2)
  3 boring beetles
  A manticore skeleton (Crypt:3)
  6 human skeletons
  A brain worm (D:15)
  2 gnoll sergeants
  A big kobold (D:12)
  A crocodile (shapeshifter) (Vaults:3)
  17 crocodiles
  25 giant frogs
  9 scorpions
  A small abomination (Crypt:3)
  26 jellies
  A hippogriff skeleton (Crypt:1)
  14 wights
  An electric eel (Spider:4)
  43 killer bees
  10 hounds
  7 crimson imps
  3 centaur zombies
  3 giant frog zombies
  A human simulacrum (Vaults:1)
  A wasp zombie (D:7)
  6 centaur skeletons
  41 orc priests
  2 quasits
  8 giant frog skeletons
  10 iguanas
  38 orc wizards
  49 sheep
  8 hell rats
  29 worker ants
  4 lightning spires (Zot:4)
  An ogre zombie (Orc:1)
  A big kobold zombie (Crypt:1)
  A deep dwarf zombie (Crypt:2)
  An ogre skeleton (Depths:1)
  A hound skeleton (D:5)
  A hound zombie (D:6)
  A killer bee simulacrum (D:8)
  34 mummies
  A worker ant zombie (D:5)
  Robin (D:3)
  18 gnolls
  26 adders
  A worker ant simulacrum (D:8)
  43 river rats
  A worm (D:2)
  A giant mite (D:2)
  A white imp (Depths:1)
  8 shadow imps
  3 ufetubi
  An adder zombie (D:5)
  3 adder skeletons
  An adder simulacrum (D:8)
  4 giant geckos
  242 orcs
  12 giant cockroaches
  18 hobgoblins
  3 jackals (D:1)
  10 quokkas
  A ball python (D:2)
  18 bats
  2 giant cockroach zombies
  3 giant newts
  2 giant spores (D:13)
  44 goblins
  A goblin zombie (Crypt:1)
  20 kobolds
  A kobold zombie (D:4)
  2 orc skeletons (Depths:1)
  An orc zombie (Orc:1)
  A quokka simulacrum (D:8)
  17 rats
  23 ballistomycetes
  37 blocks of ice
  2 bushes (Lair:4)
  39 fungi
  23 plants
  3 tentacles (Shoals:2)
3867 creatures vanquished.

Vanquished Creatures (collateral kills)
  A greater mummy (Tomb:1)
  A revenant (Crypt:2)
  A purple draconian (Zot:1)
  A great orb of eyes (Depths:3)
  A titan skeleton (Tomb:1)
  A mana viper (Tomb:1)
  A spectral ettin (Tomb:1)
  2 guardian mummies
  A silent spectre (Crypt:3)
  A flying skull (Tomb:1)
  A harpy simulacrum (Crypt:2)
  2 mummies
14 creatures vanquished.

Vanquished Creatures (others)
  A greater mummy (Tomb:2)
  A lich (Depths:2)
  2 stone giants
  A shadow wraith (Vaults:1)
  An anubis guard (Tomb:2)
  A necromancer (Vaults:5)
  A wandering mushroom (Zot:5)
  47 fire vortices
  A frost giant simulacrum (Tomb:2)
  2 air elementals
  3 fire elementals
  An orc warrior (D:15)
  An ogre (Vaults:3)
  2 centaurs (D:13)
  7 lost souls
  An earth elemental (Crypt:2)
  2 mummies (Tomb:2)
  A river rat (Lair:2)
  2 giant spores
  3 ballistomycetes (D:13)
  267 blocks of ice
  12 fungi (Lair:8)
  7 plants
  A tentacle (Shoals:2)
  15 tentacle segments (Shoals:2)
383 creatures vanquished.

Grand Total: 4264 creatures vanquished

Notes
Turn   | Place    | Note
--------------------------------------------------------------
     0 | D:1      | Chiseanne, the Gargoyle Earth Elementalist, began the quest for the Orb.
     0 | D:1      | Reached XP level 1. HP: 10/10 MP: 3/3
   128 | D:1      | Found a glowing golden altar of the Shining One.
   352 | D:1      | Reached skill level 4 in Earth Magic
   352 | D:1      | Reached XP level 2. HP: 13/16 MP: 0/4
   431 | D:1      | Learned a level 2 spell: Stoneskin
   795 | D:2      | Reached XP level 3. HP: 15/20 MP: 0/6
   877 | D:2      | Learned a level 3 spell: Stone Arrow
  1089 | D:2      | HP: 1/20 [goblin/club (1)]
  1564 | D:2      | Found a burning altar of Makhleb.
  1568 | D:2      | Found a glowing silver altar of Zin.
  1569 | D:2      | Noticed an angel
  1569 | D:2      | Noticed an Executioner
  1661 | D:2      | HP: 1/20 [gnoll/halberd (3)]
  1979 | D:2      | Reached skill level 1 in Fighting
  1979 | D:2      | Reached XP level 4. HP: 21/25 MP: 5/8
  2382 | D:2      | Found a shadowy altar of Dithmenos.
  3002 | D:2      | Reached skill level 5 in Earth Magic
  3002 | D:2      | Reached XP level 5. HP: 18/29 MP: 7/10
  3128 | D:2      | Learned a level 3 spell: Passwall
  3401 | D:3      | Noticed Robin
  3418 | D:3      | Killed Robin
  4153 | D:4      | Noticed a phantom
  4187 | D:4      | Killed a phantom
  4187 | D:4      | Reached XP level 6. HP: 10/35 MP: 10/12
  4427 | D:4      | Noticed hornqvist's ghost (average GrFi)
  5619 | D:4      | Reached XP level 7. HP: 37/40 MP: 10/15
  5671 | D:4      | Noticed an ogre
  5688 | D:4      | Killed an ogre
  5688 | D:4      | Reached skill level 1 in Armour
  6159 | D:4      | Reached skill level 6 in Earth Magic
  6277 | D:5      | Entered Level 5 of the Dungeon
  6295 | D:5      | Found a staircase to the Ecumenical Temple.
  6299 | D:5      | Noticed hornqvist's ghost (experienced GrFi)
  6896 | D:5      | Found a blossoming altar of Fedhas.
  6977 | Temple   | Entered the Ecumenical Temple
  7658 | D:5      | Found a basalt altar of Yredelemnul.
  7659 | D:5      | Found a bloodstained altar of Trog.
  7748 | D:5      | Reached XP level 8. HP: 46/46 MP: 11/18
  8645 | D:6      | Gained mutation: You passively map a small area around you. [potion of beneficial mutation]
  8691 | D:6      | Found a shattered altar of Ashenzari.
  8691 | D:6      | Found a white marble altar of Elyvilon.
  8832 | D:5      | Reached skill level 5 in Spellcasting
  8832 | D:5      | Reached skill level 7 in Earth Magic
  9422 | D:5      | Learned a level 5 spell: Lee's Rapid Deconstruction
  9549 | D:7      | Noticed Monkaria's ghost (experienced DrIE)
  9633 | D:7      | Killed Monkaria's ghost
  9633 | D:7      | Reached skill level 8 in Earth Magic
  9633 | D:7      | Reached XP level 9. HP: 42/52 MP: 20/22
  9759 | D:7      | Learned a level 1 spell: Sting
 10155 | D:7      | Reached skill level 5 in Armour
 10155 | D:7      | Reached skill level 1 in Conjurations
 10221 | D:7      | Reached skill level 5 in Fighting
 10444 | D:7      | Reached skill level 1 in Shields
 11727 | D:7      | Reached XP level 10. HP: 40/59 MP: 13/25
 12106 | D:8      | Found a bloodstained altar of Trog.
 12219 | D:8      | Found Klaesm's General Store.
 12244 | D:8      | Bought a scroll of identify for 24 gold pieces
 12244 | D:8      | Bought a scroll of identify for 24 gold pieces
 12244 | D:8      | Bought the +2 pair of boots of Night {Regen+} for 258 gold pieces
 12771 | D:8      | Found a staircase to the Lair.
 12874 | D:8      | Reached skill level 5 in Conjurations
 13158 | Lair:1   | Entered Level 1 of the Lair of Beasts
 13158 | Lair:1   | Found a burning altar of Makhleb.
 13158 | Lair:1   | Noticed Gastronok
 13211 | D:8      | Reached skill level 9 in Spellcasting
 13302 | D:8      | Identified a scroll of acquirement
 13305 | D:8      | Identified the Volume of Creation (You acquired it on level 8 of the Dungeon)
 13506 | D:8      | Bought a +1 ring of evasion for 36 gold pieces
 14640 | D:9      | Found a radiant altar of Vehumet.
 14658 | D:9      | Became a worshipper of Vehumet
 14921 | D:9      | Reached XP level 11. HP: 27/63 MP: 2/29
 15112 | D:9      | Found a staircase to the Orcish Mines.
 15113 | D:9      | Found Kuhoydoth's Armour Emporium.
 15427 | D:10     | Entered Level 10 of the Dungeon
 15446 | D:10     | Reached skill level 10 in Spellcasting
 15451 | D:10     | Learned a level 3 spell: Mephitic Cloud
 15456 | D:10     | Learned a level 4 spell: Petrify
 15787 | D:10     | Noticed an obsidian statue
 16056 | D:10     | Acquired Vehumet's first power
 16056 | D:10     | Offered knowledge of Freeze by Vehumet.
 16899 | D:11     | Noticed Maurice
 17036 | D:11     | Killed Maurice
 17147 | D:11     | Noticed Harold
 17166 | D:11     | Killed Harold
 17166 | D:11     | Reached skill level 10 in Earth Magic
 17269 | D:11     | Noticed a tengu warrior
 17615 | Orc:1    | Entered Level 1 of the Orcish Mines
 17630 | Orc:1    | Noticed a sun demon
 17798 | Orc:1    | Paralysed by an orc sorcerer for 3 turns
 18045 | D:8      | Bought 2 potions of heal wounds for 120 gold pieces
 18045 | D:8      | Bought a scroll of identify for 24 gold pieces
 18045 | D:8      | Bought a beef jerky for 18 gold pieces
 18386 | Orc:2    | Reached skill level 5 in Shields
 18537 | Orc:2    | Offered knowledge of Magic Dart by Vehumet.
 18915 | Orc:1    | Found Frarr's Gadget Shop.
 19230 | Orc:2    | Offered knowledge of Static Discharge by Vehumet.
 19230 | Orc:2    | Reached skill level 11 in Spellcasting
 19337 | Orc:2    | Learned a level 3 spell: Static Discharge
 19342 | Orc:1    | Acquired Vehumet's second power
 19352 | Orc:1    | Offered knowledge of Airstrike by Vehumet.
 19613 | Orc:3    | Found Ziyl's Jewellery Shop.
 19616 | Orc:3    | Bought a cursed -3 ring of dexterity for 24 gold pieces
 19616 | Orc:3    | Bought a +1 ring of protection for 36 gold pieces
 19633 | Orc:3    | Bought an uncursed amulet of clarity for 240 gold pieces
 19653 | Orc:3    | Found Cunozain's Gadget Shoppe.
 19734 | Orc:3    | Acquired Vehumet's third power
 20001 | Orc:3    | Offered knowledge of Throw Icicle by Vehumet.
 20124 | Orc:3    | Learned a level 4 spell: Throw Icicle
 20759 | Orc:3    | Noticed an ettin
 20769 | Orc:3    | Killed an ettin
 20897 | Orc:3    | Found a staircase to the Elven Halls.
 21103 | Orc:4    | Entered Level 4 of the Orcish Mines
 21234 | Orc:4    | Offered knowledge of Fireball by Vehumet.
 21387 | Orc:4    | Found a radiant altar of Vehumet.
 21425 | Orc:4    | Reached XP level 12. HP: 68/68 MP: 3/31
 22769 | Orc:3    | Bought the ring of Stitzuy {rPois+ rN+ MR+ Str+2 Int+6 Stlth+} for 676 gold pieces
 22848 | Orc:4    | Reached skill level 1 in Transmutations
 23051 | Orc:4    | Noticed an orc knight
 23051 | Orc:4    | Noticed an orc knight
 23051 | Orc:4    | Noticed an orc knight
 23371 | Orc:3    | Killed an orc knight
 23580 | Orc:3    | Killed an orc knight
 23580 | Orc:3    | Reached skill level 12 in Spellcasting
 23706 | Orc:4    | Noticed an orc high priest
 23715 | Orc:4    | Killed an orc high priest
 23856 | Orc:4    | Killed an orc knight
 24028 | Orc:4    | Offered knowledge of Freezing Cloud by Vehumet.
 24036 | Orc:4    | Learned a level 6 spell: Freezing Cloud
 24248 | Orc:4    | Noticed an orc knight
 24252 | Orc:4    | Noticed an orc knight
 24252 | Orc:4    | Noticed an orc knight
 24253 | Orc:4    | Noticed an orc high priest
 24319 | Orc:3    | Killed an orc knight
 24415 | Orc:4    | Killed an orc knight
 24415 | Orc:4    | Reached skill level 1 in Ice Magic
 24441 | Orc:4    | Killed an orc knight
 24596 | Orc:4    | Noticed an orc knight
 24617 | Orc:4    | Killed an orc knight
 24716 | Orc:4    | Killed an orc high priest
 24779 | Orc:4    | Noticed an orc knight
 24779 | Orc:4    | Noticed an orc high priest
 24831 | Orc:4    | Killed an orc knight
 24831 | Orc:4    | Reached skill level 13 in Spellcasting
 24946 | Orc:4    | Killed an orc high priest
 25078 | Orc:4    | Noticed an orc high priest
 25082 | Orc:4    | Noticed an orc high priest
 25305 | Orc:4    | Killed an orc high priest
 25450 | Orc:4    | Killed an orc high priest
 25515 | Orc:4    | Found Meseleo's Weapon Emporium.
 25515 | Orc:4    | Found Doilim's Antique Weapon Emporium.
 25515 | Orc:4    | Found Twead's Magic Scroll Shoppe.
 25515 | Orc:4    | Found Dareho's Armour Emporium.
 25524 | Orc:4    | Bought a scroll of identify for 32 gold pieces
 25710 | D:12     | Reached XP level 13. HP: 72/72 MP: 22/34
 25720 | D:12     | Found a labyrinth entrance.
 25805 | Lab      | Entered a labyrinth
 26153 | Lab      | Noticed a minotaur
 26162 | Lab      | Killed a minotaur
 26170 | Lab      | Got an encrusted chain mail
 26182 | Lab      | Identified the cursed -5 chain mail of Quesuesac {-Cast +Blink MR+ Str+7} (You found it in a labyrinth)
 26205 | D:12     | Got a bronze fire dragon armour
 26216 | D:12     | Identified the +1 fire dragon armour of Hopscotch {rF++ rC- rN+ Int-3 Dex+3} (You acquired it on level 12 of the Dungeon)
 26229 | D:12     | Got a pair of polished boots
 26240 | D:12     | Identified the +1 pair of boots of the King of the Hill {Int+6 Stlth+} (You acquired it on level 12 of the Dungeon)
 27040 | D:12     | Noticed Nessos
 27046 | D:12     | Killed Nessos
 27174 | D:12     | Reached skill level 10 in Conjurations
 27656 | D:13     | Found a gate to the Vaults.
 27656 | D:13     | Noticed Donald
 27656 | D:13     | Noticed Rupert
 27950 | D:12     | Offered knowledge of Ozocubu's Refrigeration by Vehumet.
 27961 | D:12     | Killed Donald
 28092 | D:12     | Reached skill level 14 in Spellcasting
 29104 | D:11     | Found Cova's Food Shop.
 29272 | D:11     | Noticed Nergalle
 29291 | D:11     | Killed Nergalle
 29291 | D:11     | Reached skill level 5 in Ice Magic
 30208 | D:13     | Noticed Urug
 30447 | D:13     | Noticed Erolcha
 30451 | D:13     | Killed Erolcha
 30560 | D:13     | Gained mutation: Your wings are large and strong. [gargoyle growth]
 30560 | D:13     | Reached XP level 14. HP: 66/78 MP: 12/35
 30713 | D:13     | Noticed Sonja
 30723 | D:13     | Killed Sonja
 30746 | D:13     | Killed Urug
 31948 | Orc:4    | Bought a scroll of identify for 32 gold pieces
 31962 | Orc:4    | Bought a scroll of remove curse for 48 gold pieces
 31962 | Orc:4    | Bought a scroll of amnesia for 56 gold pieces
 31962 | Orc:4    | Bought a scroll of fear for 56 gold pieces
 32480 | Lair:1   | Offered knowledge of Bolt of Cold by Vehumet.
 32488 | Lair:1   | Learned a level 6 spell: Bolt of Cold
 32940 | Lair:1   | Reached skill level 10 in Shields
 34427 | Lair:2   | Noticed hornqvist's ghost (powerful GrFi)
 34454 | Lair:2   | Killed hornqvist's ghost
 35034 | Lair:2   | Noticed Fannar
 35081 | Lair:2   | Killed Fannar
 35399 | Lair:2   | Found a snail-covered altar of Cheibriados.
 35845 | Lair:1   | Killed Gastronok
 35992 | Lair:1   | Offered knowledge of Poisonous Cloud by Vehumet.
 36667 | Lair:3   | Found a snail-covered altar of Cheibriados.
 38304 | Lair:4   | Reached skill level 10 in Ice Magic
 38598 | Lair:4   | Reached XP level 15. HP: 82/82 MP: 36/36
 39147 | Lair:5   | Offered knowledge of Poison Arrow by Vehumet.
 40415 | Lair:6   | Found a staircase to the Shoals.
 40772 | Lair:6   | Found a hole to the Spider Nest.
 41136 | Lair:7   | Found a viscous altar of Jiyva.
 41136 | Lair:7   | Found a staircase to the Slime Pits.
 41177 | Lair:7   | Identified the Almanac of the Lethal Frostbite
 41564 | Lair:7   | Offered knowledge of Conjure Ball Lightning by Vehumet.
 41845 | Lair:7   | Noticed Snorg
 41848 | Lair:7   | Killed Snorg
 42233 | Lair:8   | Entered Level 8 of the Lair of Beasts
 43596 | Lair:8   | Found a burning altar of Makhleb.
 43605 | Lair:8   | Reached skill level 15 in Spellcasting
 43822 | Lair:8   | Found a gateway to Hell.
 43999 | Lair:8   | Found a runed door.
 44002 | Lair:8   | Found a viscous altar of Jiyva.
 44002 | Lair:8   | Noticed an acid blob
 44003 | Lair:8   | Found a staircase to the Slime Pits.
 44003 | Lair:8   | Noticed an acid blob
 44012 | Lair:8   | Killed an acid blob
 44014 | Lair:8   | Killed an acid blob
 45325 | Orc:4    | Bought a +2 pair of gloves for 231 gold pieces
 45333 | Orc:4    | Bought a scroll of enchant weapon for 120 gold pieces
 45333 | Orc:4    | Bought a scroll of remove curse for 48 gold pieces
 45333 | Orc:4    | Bought a scroll of magic mapping for 56 gold pieces
 45503 | Lair:1   | Learned a level 5 spell: Bolt of Magma
 45510 | Lair:1   | Learned a level 6 spell: Iron Shot
 45546 | Lair:1   | Learned a level 6 spell: Bolt of Fire
 45710 | D:13     | Reached XP level 16. HP: 87/87 MP: 18/37
 47005 | D:14     | Found a gateway to a bazaar.
 47585 | D:15     | Entered Level 15 of the Dungeon
 47793 | D:15     | Found a staircase to the Depths.
 47818 | D:15     | Reached skill level 16 in Spellcasting
 49553 | D:15     | Noticed Frances
 49558 | D:15     | Killed Frances
 49605 | D:15     | Offered knowledge of Lehudib's Crystal Spear by Vehumet.
 49605 | D:15     | Offered knowledge of Glaciate by Vehumet.
 49605 | D:15     | Offered knowledge of Tornado by Vehumet.
 50091 | Depths:1 | Entered Level 1 of the Depths
 50091 | Depths:1 | Noticed Saint Roka
 50222 | Bazaar   | Entered a bazaar
 50224 | Bazaar   | Found Gikih's Book Shoppe.
 50252 | Bazaar   | Found Wihijet's Weapon Boutique.
 50257 | Bazaar   | Found Wometau's Weapon Shop.
 50262 | Bazaar   | Found Bimit's Distillery.
 50287 | Bazaar   | Bought the cursed +0 broad axe of the Puffin {chop, Contam rN+ Str-2 Int+9 Stlth+} for 339 gold pieces
 50804 | Spider:1 | Entered Level 1 of the Spider Nest
 50935 | Spider:1 | Reached skill level 17 in Spellcasting
 51477 | Spider:1 | Reached XP level 17. HP: 92/92 MP: 39/39
 52005 | Spider:1 | Noticed Aizul
 52020 | Spider:1 | Killed Aizul
 52356 | Spider:1 | Learned a level 8 spell: Lehudib's Crystal Spear
 53970 | Spider:2 | HP: 3/92 [ghost moth (8)]
 55471 | Spider:3 | Got a translucent chain mail
 55474 | Spider:3 | Identified the cursed -4 chain mail of Circular Logic {MR+ Dex+2} (You found it on level 3 of the Spider Nest)
 56897 | Spider:4 | Got an ichor-stained leather armour
 56962 | Spider:3 | Identified the +3 leather armour "Daloedy" {Str+2 Int-3 Dex+4} (You found it on level 4 of the Spider Nest)
 57633 | Spider:5 | Entered Level 5 of the Spider Nest
 57693 | Spider:5 | Noticed megamayne420's ghost (powerful DsBe)
 57855 | Spider:5 | Killed megamayne420's ghost
 57855 | Spider:5 | Reached XP level 18. HP: 69/96 MP: 7/40
 58040 | Spider:4 | HP: 1/96 [emperor scorpion (9)]
 59396 | Spider:5 | Reached skill level 18 in Spellcasting
 59944 | Spider:5 | Reached skill level 15 in Conjurations
 60572 | Spider:5 | Got a gossamer rune of Zot
 61284 | Lair:1   | Learned a level 9 spell: Glaciate
 61407 | Vaults:1 | Entered Level 1 of the Vaults
 62901 | Vaults:1 | Noticed Norris
 62909 | Vaults:1 | Killed Norris
 63039 | Vaults:1 | Found Qamounn's Distillery.
 63072 | Vaults:1 | Bought a potion of haste for 180 gold pieces
 63072 | Vaults:1 | Bought a potion of heal wounds for 90 gold pieces
 63072 | Vaults:1 | Bought a potion of restore abilities for 90 gold pieces
 63072 | Vaults:1 | Bought a potion of restore abilities for 90 gold pieces
 63072 | Vaults:1 | Bought a potion of brilliance for 72 gold pieces
 63290 | Vaults:1 | Reached XP level 19. HP: 92/100 MP: 6/41
 63734 | Vaults:1 | Noticed Wiglaf
 63737 | Vaults:1 | Killed Wiglaf
 65067 | Vaults:1 | Got an ichor-stained double sword
 65070 | Vaults:1 | Identified the +7 double sword of Twilight {freeze, rElec rF+ rN+ Str+2} (You found it on level 1 of the Vaults)
 65088 | Vaults:1 | Reached skill level 19 in Spellcasting
 65574 | Vaults:2 | Noticed Boris
 65577 | Vaults:2 | Killed Boris
 67006 | Vaults:2 | Got a slimy rapier
 67008 | Vaults:2 | Got a warped flail
 67031 | Vaults:2 | Identified the +8 rapier "Stroynule" {freeze, rF++ Dex-5} (You found it on level 2 of the Vaults)
 67034 | Vaults:2 | Identified the -2 flail of Poverty {holy, +Fly rC+} (You found it on level 2 of the Vaults)
 68667 | Vaults:3 | Reached XP level 20. HP: 106/106 MP: 42/42
 68994 | Vaults:3 | Reached skill level 15 in Shields
 69684 | Vaults:3 | Found a staircase to the Crypt.
 70428 | Vaults:3 | Reached skill level 20 in Spellcasting
 71800 | Vaults:4 | Got a slimy scale mail
 72836 | Vaults:4 | Reached XP level 21. HP: 110/110 MP: 29/43
 73090 | Vaults:4 | Found Duomp's Armour Shoppe.
 73427 | D:10     | Killed an obsidian statue
 73526 | Lair:1   | Identified the cursed -1 scale mail of Baokass {rF+ rCorr} (You found it on level 4 of the Vaults)
 73701 | Shoals:1 | Entered Level 1 of the Shoals
 73701 | Shoals:1 | Noticed Charly's ghost (mighty DsFE)
 73706 | Shoals:1 | Killed Charly's ghost
 76300 | Shoals:3 | Noticed Ilsuiw
 76304 | Shoals:3 | Killed Ilsuiw
 77289 | Shoals:4 | Noticed Polyphemus
 77293 | Shoals:4 | Killed Polyphemus
 77293 | Shoals:4 | Reached skill level 21 in Spellcasting
 77539 | Shoals:4 | Noticed Nikola
 77559 | Shoals:4 | Killed Nikola
 78260 | Shoals:5 | Entered Level 5 of the Shoals
 78327 | Shoals:5 | Got a bronze ring mail
 78344 | Shoals:5 | Identified the +3 ring mail "Quidgh" {Str+7} (You found it on level 5 of the Shoals)
 78610 | Shoals:5 | Reached XP level 22. HP: 115/115 MP: 39/44
 78744 | Shoals:5 | Got a coiled granite ring
 78774 | Shoals:5 | Identified the ring "Gyekea" {Wiz Dex+4 Stlth+} (You took it off a merfolk on level 5 of the Shoals)
 78921 | Shoals:5 | Got a barnacled rune of Zot
 80451 | Slime:1  | Entered Level 1 of the Pits of Slime
 80770 | Slime:2  | Reached skill level 15 in Ice Magic
 80777 | Slime:2  | Gained mutation: You expend magic power (3 MP) to slightly strengthen your wands. [a shining eye]
 81245 | Slime:6  | Entered Level 6 of the Pits of Slime
 81255 | Slime:6  | Reached skill level 22 in Spellcasting
 81439 | Slime:6  | Noticed the royal jelly
 81695 | Slime:6  | Killed the royal jelly
 81893 | Slime:6  | Gained mutation: You are weak. (Str -2) [a shining eye]
 81895 | Slime:6  | Gained mutation: Scrolls take you a little longer to read. [a shining eye]
 81917 | Slime:6  | Gained mutation: You expend magic power (6 MP) to strengthen your wands. [a shining eye]
 82118 | Slime:6  | Noticed Somebody's ghost (mighty NaMo)
 82126 | Slime:6  | Killed Somebody's ghost
 82431 | Slime:6  | Got a slimy rune of Zot
 82559 | Slime:6  | Reached XP level 23. HP: 120/120 MP: 39/45
 82566 | Slime:6  | Got an iridescent battleaxe
 82582 | Slime:6  | Identified the +2 battleaxe of Disembowelment {drain, +Fly} (You found it on level 6 of the Pits of Slime)
 83636 | Elf:1    | Entered Level 1 of the Elven Halls
 85059 | Elf:2    | Found a frozen archway.
 85111 | IceCv    | Entered an ice cave
 85934 | Elf:2    | Cast into the Abyss (a Zot trap)
 85934 | Abyss:1  | Found a corrupted altar of Lugonu.
 86006 | Abyss:1  | Got a steaming helmet
 86019 | Abyss:1  | Identified the +2 helmet "Froti" {rPois+ rC+ Dex-2 Slay+2 Stlth+} (You acquired it on level 1 of the Abyss)
 86056 | Abyss:1  | Found a corrupted altar of Lugonu.
 86059 | Elf:2    | Escaped the Abyss
 86228 | Elf:2    | Found a runed gate.
 86228 | Elf:2    | Found a runed gate.
 86232 | Elf:2    | Found a runed gate.
 86318 | Elf:3    | Entered Level 3 of the Elven Halls
 86874 | Elf:3    | Reached skill level 23 in Spellcasting
 87199 | Elf:3    | Got a scorched steel ring
 87517 | Elf:3    | Got a warped brass ring
 87546 | Elf:3    | Lost mutation: Scrolls take you a little longer to read. [potion of cure mutation]
 87546 | Elf:3    | Lost mutation: You expend magic power (6 MP) to strengthen your wands. [potion of cure mutation]
 87567 | Elf:3    | Reached XP level 24. HP: 124/124 MP: 33/46
 87576 | Elf:3    | Got a crude tin ring
 87607 | Elf:3    | Identified the cursed ring "Hinoc" {+Inv rPois+ rC+ rN++ Int-4 Slay-2} (You found it on level 3 of the Elven Halls)
 87609 | Elf:3    | Identified the ring of the Exiled Wishes {rC+ Int+2} (You took it off a deep elf mage on level 3 of the Elven Halls)
 87613 | Elf:3    | Identified the ring of Gru Jaus {rPois+ Dex+2} (You took it off a deep elf annihilator on level 3 of the Elven Halls)
 87627 | Elf:3    | Got an ichor-stained leather armour
 87630 | Elf:3    | Got a distressingly furry robe
 87649 | Elf:3    | Identified the +0 leather armour of Miap {rElec rPois+ rF- Int+4 SInv} (You took it off a deep elf demonologist on level 3 of the Elven Halls)
 87659 | Elf:3    | Identified the +1 robe of Satisfaction {MP+9 Int+2} (You took it off a deep elf death mage on level 3 of the Elven Halls)
 88333 | Elf:3    | Got a fine wooden ring
 88336 | Elf:3    | Identified the ring of the Peculiar Places {rF+ rC+ MR- Str+8 Slay+2} (You took it off a deep elf fighter on level 3 of the Elven Halls)
 88634 | Lair:1   | Learned a level 9 spell: Shatter
 88645 | Lair:1   | Learned a level 3 spell: Regeneration
 88876 | Vaults:5 | Entered Level 5 of the Vaults
 88879 | Vaults:5 | Reached skill level 5 in Dodging
 88887 | Vaults:5 | Noticed Sojobo
 89149 | Vaults:5 | Killed Sojobo
 89861 | Vaults:5 | Reached skill level 10 in Dodging
 90582 | Vaults:5 | Got an ebony dagger
 90584 | Vaults:5 | Identified the +7 dagger of World Downfall {pain, +Fly Str-2 Dex+4} (You took it off a necromancer on level 5 of the Vaults)
 90786 | Vaults:5 | Got a dazzling rapier
 90786 | Vaults:5 | Got a faintly glowing silver ring
 90791 | Vaults:5 | Identified the +2 rapier of Ash {venom, *Rage +Rage rElec rPois- Int+6} (You took it off a vault sentinel on level 5 of the Vaults)
 90794 | Vaults:5 | Identified the ring of Absolutism {Int+4 Stlth-} (You took it off a vault sentinel on level 5 of the Vaults)
 90859 | Vaults:5 | Reached XP level 25. HP: 128/128 MP: 22/47
 92044 | Vaults:5 | Learned a level 1 spell: Apportation
 92244 | Vaults:5 | Got a fine swamp dragon armour
 92397 | Vaults:5 | Found Nuegegri's Food Boutique.
 92543 | Vaults:5 | Got a silver rune of Zot
 92678 | Vaults:5 | Identified the +6 swamp dragon armour "Yplumi Tas" {rPois+ rC+ rCorr} (You found it on level 5 of the Vaults)
 93277 | Crypt:1  | Entered Level 1 of the Crypt
 94609 | Crypt:2  | Reached skill level 15 in Earth Magic
 95335 | Crypt:3  | Entered Level 3 of the Crypt
 95767 | Crypt:3  | Found a basalt altar of Yredelemnul.
 97090 | Crypt:3  | Reached XP level 26. HP: 134/134 MP: 32/47
 98130 | Crypt:3  | Noticed Khufu
 98136 | Crypt:3  | Killed Khufu
 98294 | Crypt:3  | Found a staircase to the Tomb.
 98939 | Crypt:3  | Reached skill level 15 in Dodging
 99694 | Depths:1 | Noticed an octopode crusher
 99697 | Depths:1 | Killed an octopode crusher
100048 | Depths:1 | Noticed Mara
100048 | Depths:1 | Killed Saint Roka
100051 | Depths:1 | Killed Mara
100067 | Depths:1 | Noticed Asterion
100222 | Depths:1 | Killed Asterion
100419 | Depths:1 | Reached skill level 10 in Armour
100913 | Depths:1 | Noticed an octopode crusher
100917 | Depths:1 | Killed an octopode crusher
101297 | Depths:1 | Gained mutation: You are frail (-10% HP). [a neqoxec]
101297 | Depths:1 | Gained mutation: You are dopey. (Int -2) [a neqoxec]
101445 | Depths:1 | Found a one-way gate leading to the halls of Pandemonium.
101753 | Depths:1 | Lost mutation: You are frail (-10% HP). [potion of mutation]
101753 | Depths:1 | Gained mutation: You are frail (-10% HP). [potion of mutation]
101753 | Depths:1 | Gained mutation: You are agile. (Dex +2) [potion of mutation]
102095 | Lair:1   | Lost mutation: You are dopey. (Int -2) [potion of mutation]
102095 | Lair:1   | Gained mutation: You are resistant to hostile enchantments. [potion of mutation]
102096 | Lair:1   | Lost mutation: You expend magic power (3 MP) to slightly strengthen your wands. [potion of mutation]
102096 | Lair:1   | Gained mutation: You heal slowly when monsters are visible. [potion of mutation]
102096 | Lair:1   | Lost mutation: You are weak. (Str -2) [potion of mutation]
102097 | Lair:1   | Gained mutation: Armour fits poorly on your strangely shaped body. [potion of mutation]
102097 | Lair:1   | Gained mutation: You are very agile. (Dex +4) [potion of mutation]
102228 | Orc:4    | Bought a scroll of acquirement for 832 gold pieces
102234 | Orc:4    | Got a warped mottled dragon armour
102245 | Orc:4    | Identified the +1 mottled dragon armour of Indemnity {rC++} (You acquired it on level 4 of the Orcish Mines)
102329 | D:9      | Bought the +1 leather armour "Weyrhi Fenne" {rElec Int+4 Dex-2 Slay+4} for 504 gold pieces
102329 | D:9      | Bought the +2 pair of boots of the Morning {Contam rF+ Str+3 Int+2 Dex+3} for 476 gold pieces
102446 | Lair:1   | Learned a level 9 spell: Fire Storm
102694 | Depths:2 | Got a crude leather armour
102705 | Depths:2 | Identified the -3 leather armour of the Barber Surgeon {rElec rF+ MR+ rCorr Dex-5 SInv} (You found it on level 2 of the Depths)
102760 | Depths:2 | Reached skill level 1 in Fire Magic
102962 | Depths:2 | Reached XP level 27. HP: 79/124 MP: 4/48
103127 | Depths:2 | Reached skill level 5 in Fire Magic
103314 | Depths:2 | Identified Brocit's Catalogue of Glacial Bewitchment
104348 | Depths:3 | Reached skill level 10 in Fire Magic
104527 | Depths:3 | Found a gateway to a ziggurat.
105148 | Depths:3 | Got a crude long sword
105154 | Depths:3 | Identified the +10 long sword "Fearch" {holy, Str+3} (You found it on level 3 of the Depths)
105351 | Depths:3 | Noticed Mennas
105354 | Depths:3 | Killed Mennas
106436 | Depths:4 | Identified a +1 rod of ignition (11/11) (You found it on level 4 of the Depths)
106453 | Depths:4 | Found a one-way gate to the infinite horrors of the Abyss.
106872 | Depths:4 | Found Plog's Weapon Emporium.
107035 | Depths:5 | Entered Level 5 of the Depths
107224 | Depths:5 | Lost mutation: You are very agile. (Dex +4) [potion of cure mutation]
107224 | Depths:5 | Lost mutation: You are resistant to hostile enchantments. [potion of cure mutation]
107224 | Depths:5 | Lost mutation: You are frail (-10% HP). [potion of cure mutation]
108061 | Depths:5 | Reached skill level 15 in Fire Magic
109133 | Depths:5 | Found a gate to the Realm of Zot.
110021 | Zot:1    | Entered Level 1 of the Realm of Zot
110028 | Zot:1    | Reached skill level 10 in Fighting
111226 | Zot:1    | Got a pitted tin ring
111228 | Zot:1    | Got a steaming short sword
111245 | Zot:1    | Identified the +6 short sword "Roacogha" {venom, MR+} (You took it off a draconian zealot on level 1 of the Realm of Zot)
111272 | Zot:1    | Identified the ring "Pesaul" {Fire rElec} (You took it off a draconian zealot on level 1 of the Realm of Zot)
112670 | Zot:2    | Reached skill level 15 in Fighting
112969 | Zot:3    | Noticed an orb of fire
112978 | Zot:3    | Killed an orb of fire
115251 | Zot:4    | Reached skill level 15 in Armour
116754 | Zot:5    | Entered Level 5 of the Realm of Zot
117039 | Zot:5    | Reached skill level 1 in Axes
117502 | Zot:5    | Reached skill level 5 in Axes
117602 | Zot:5    | Noticed an orb of fire
117603 | Zot:5    | Noticed an ancient lich
117606 | Zot:5    | Gained mutation: You expend magic power (3 MP) to slightly strengthen your wands. [an orb of fire]
117608 | Zot:5    | Noticed an ancient lich
117609 | Zot:5    | Killed an orb of fire
117609 | Zot:5    | Killed an ancient lich
117611 | Zot:5    | Killed an ancient lich
117668 | Zot:5    | Noticed an orb of fire
118312 | Zot:5    | Noticed an ancient lich
118317 | Zot:5    | Killed an ancient lich
118715 | Zot:5    | Noticed an orb of fire
118720 | Zot:5    | Lost mutation: You heal slowly when monsters are visible. [an orb of fire]
118721 | Zot:5    | Killed an orb of fire
118844 | Zot:5    | Noticed an orb of fire
118849 | Zot:5    | Killed an orb of fire
118849 | Zot:5    | Reached skill level 10 in Axes
119090 | Zot:5    | Gained mutation: You tend to lose your temper in combat. [an orb of fire]
119098 | Zot:5    | Killed an orb of fire
119357 | Zot:5    | Noticed an orb of fire
119359 | Zot:5    | Gained mutation: Space occasionally distorts in your vicinity. [an orb of fire]
119362 | Zot:5    | Gained mutation: You are dopey. (Int -2) [an orb of fire]
119364 | Zot:5    | Killed an orb of fire
120837 | Tomb:1   | Entered Level 1 of the Tomb of the Ancients
122328 | Tomb:2   | Noticed an ancient lich
122555 | Tomb:1   | Killed an ancient lich
123904 | Tomb:1   | Reached skill level 15 in Axes
125406 | Tomb:1   | Lost dexterity.
125447 | Tomb:1   | HP: 2/172 [jiangshi[a greater mummy] (8)]
125447 | Tomb:1   | Demolished by a phantasmal warrior

Action                   |  1- 3 |  4- 6 |  7- 9 | 10-12 | 13-15 | 16-18 | 19-21 | 22-24 | 25-27 || total
-------------------------+-------+-------+-------+-------+-------+-------+-------+-------+-------++-------
Melee: Unarmed           |     5 |       |       |       |       |       |       |       |       ||     5
       Dagger            |     4 |   316 |   435 |   216 |       |       |       |       |       ||   971
       Mace              |    53 |    27 |       |       |       |       |       |       |       ||    80
       Short sword       |       |       |     8 |    26 |       |       |       |       |       ||    34
       Flail             |       |       |       |    53 |       |       |       |       |       ||    53
       Hand axe          |       |       |       |    12 |    65 |       |       |       |       ||    77
       Scimitar          |       |       |       |       |   249 |    76 |       |       |       ||   325
       Staff             |       |       |       |       |     3 |     5 |       |       |       ||     8
       Double sword      |       |       |       |       |     1 |    10 |       |       |       ||    11
       Broad axe         |       |       |       |       |       |    25 |    76 |   110 |   311 ||   522
Throw: Javelin           |       |       |       |       |     1 |       |       |       |     1 ||     2
 Cast: Sandblast         |    30 |    16 |       |       |       |       |       |       |       ||    46
       Stoneskin         |     5 |    15 |    28 |    18 |     1 |       |       |       |     3 ||    70
       Stone Arrow       |       |     7 |    67 |   561 |   356 |       |       |       |       ||   991
       Lee's Rapid Decon |       |       |     2 |    11 |       |       |       |       |       ||    13
       Sting             |       |       |    13 |   284 |    51 |       |       |       |       ||   348
       Static Discharge  |       |       |       |    26 |     3 |       |       |       |       ||    29
       Throw Icicle      |       |       |       |    10 |   485 |   719 |   203 |   213 |   244 ||  1874
       Mephitic Cloud    |       |       |       |     6 |    12 |       |       |       |       ||    18
       Petrify           |       |       |       |     2 |       |       |       |       |       ||     2
       Freezing Cloud    |       |       |       |       |    51 |    76 |     6 |       |       ||   133
       Iron Shot         |       |       |       |       |       |   124 |   357 |   295 |   987 ||  1763
       Bolt of Cold      |       |       |       |       |       |     3 |       |       |       ||     3
       Lehudib's Crystal |       |       |       |       |       |    33 |    64 |    35 |   150 ||   282
       Bolt of Fire      |       |       |       |       |       |     1 |       |       |       ||     1
       Glaciate          |       |       |       |       |       |       |    36 |    70 |   111 ||   217
       Shatter           |       |       |       |       |       |       |       |       |     8 ||     8
       Fire Storm        |       |       |       |       |       |       |       |       |    51 ||    51
 Abil: Fly               |       |       |       |       |     1 |       |       |       |       ||     1
Evoke: Wand              |       |       |     1 |     1 |    17 |    14 |     7 |     1 |     4 ||    45
       Stone of tremors  |       |       |       |       |       |     1 |       |     1 |     7 ||     9
       Lamp of fire      |       |       |       |       |       |       |       |     1 |     3 ||     4
       Phial of floods   |       |       |       |       |       |       |       |       |     3 ||     3
       Fan of gales      |       |       |       |       |       |       |       |       |     2 ||     2
  Use: Scroll            |       |    13 |     8 |    11 |    29 |    13 |    11 |    24 |    14 ||   123
       Potion            |       |     3 |     3 |     4 |     3 |    10 |       |     3 |    11 ||    37
 Stab: Sleeping          |       |     1 |     3 |     3 |     1 |       |       |     1 |       ||     9
       Invisible         |       |       |       |       |     2 |       |       |       |       ||     2
       Confused          |       |       |       |       |     1 |       |       |       |       ||     1
       Distracted        |       |       |       |       |       |       |       |       |     1 ||     1
  Eat: Chunk             |     3 |    12 |    16 |    27 |    33 |    24 |    20 |     6 |     7 ||   148
       Fruit             |       |     1 |     5 |     9 |    10 |    27 |       |     3 |     7 ||    62
       Royal jelly       |       |     1 |       |       |     1 |     1 |     6 |     1 |     1 ||    11
       Bread ration      |       |       |     1 |     2 |     4 |       |     2 |     5 |    19 ||    33
       Pizza             |       |       |       |     2 |     2 |     2 |     1 |     1 |     5 ||    13
       Beef jerky        |       |       |       |     1 |     2 |     2 |     4 |     2 |     2 ||    13
